 Dungeon Crawl Stone Soup version 0.32-a0-350-g4f4d228785 (webtiles) character file.

Game seed: 15602122799089481489

12903 inmateoo the Grappler (level 11, 0/83 (84) HPs)
             Began as a Demonspawn Monk on Jan 19, 2024.
             Was the Champion of Cheibriados.
             Slain by a sun demon (13 damage)
             ... summoned by an orc high priest
             ... on level 2 of the Orcish Mines on Feb 17, 2024.
             The game lasted 00:20:18 (10158 turns).

inmateoo the Grappler (Demonspawn Monk)            Turns: 10158, Time: 00:20:18

HP:   0/83 (84)     AC:  9    Str: 32    XL:     11   Next: 68%
MP:   0/19          EV: 16    Int: 25    God:    Cheibriados [******]
Gold: 940           SH: 16    Dex: 30    Spells: 14/21 levels left

rFire   . .          .
                       - Unarmed
rCold   . . .        u - +0 tower shield {reflect}
rNeg    . . .        j - +0 ring mail
rPois   +            d - +0 helmet
rElec   .            a - +1 cloak of Feasting {rPois rCorr}
rCorr   +            (gloves unavailable)
SInv    .            (no boots)
Will    .....        h - amulet of magic regeneration
Stlth   +++          t - ring of flight
HPRegen 0.33/turn    (no ring)
MPRegen 0.72/turn

%: reflection, guardian spirit
@: flying, lightly drained, very slow
A: claws 3, ignite blood 2, magic shield, magic regeneration
a: Renounce Religion, Bend Time, Temporal Distortion, Slouch, Step From Time


You were on level 2 of the Orcish Mines.
You worshipped Cheibriados.
Cheibriados was exalted by your worship.
You visited 3 branches of the dungeon, and saw 13 of its levels.
You also visited: Sewer.

You collected 940 gold pieces.

Inventory:

Missiles
 k - a throwing net
 x - a curare-tipped dart (quivered)
Armour
 a - the +1 cloak of Feasting (worn) {rPois rCorr}
   (You found it on level 4 of the Dungeon)

   rPois:     It protects you from poison rCorr: It protects you from acid and
   corrosion.
 c - an orb of light
 d - a +0 helmet (worn)
 j - a +0 ring mail (worn)
 u - a +0 tower shield of reflection (worn)
Jewellery
 h - an amulet of magic regeneration (around neck)
 i - a ring of ice
 t - a ring of flight (left claw)
 v - a ring of fire
Talismans
 y - a maw talisman
Wands
 f - a wand of acid (6)
 p - a wand of iceblast (2)
 w - a wand of paralysis (20)
 B - a wand of flame (11)
Scrolls
 g - 2 scrolls of immolation
 l - a scroll of amnesia
 n - a scroll of blinking
 s - a scroll of revelation
 C - a scroll of enchant armour
Potions
 b - 5 potions of ambrosia
 e - 2 potions of curing
 m - a potion of heal wounds
 o - a potion of invisibility
 q - a potion of brilliance
 r - a potion of resistance
 z - a potion of enlightenment {unknown}
 A - a potion of mutation {unknown}


   Skills:
 + Level 7.6 Fighting
 + Level 3.2 Armour
 + Level 6.7 Dodging
 - Level 4.0 Stealth
 + Level 0.8 Shields
 * Level 9.4 Unarmed Combat
 + Level 5.5 Spellcasting
 - Level 3.0 Conjurations
 - Level 2.0 Fire Magic
 - Level 2.0 Air Magic
 + Level 3.7 Alchemy
 + Level 7.3 Invocations
 - Level 3.0 Evocations
 + Level 3.2 Shapeshifting


You had 14 spell levels left.
You knew the following spells:

 Your Spells              Type           Power      Damage    Failure   Level
a - Mephitic Cloud        Conj/Alch/Air  21%        N/A       41%         3
b - Ignite Poison         Fire/Alch      21%        N/A       83%         4

Your spell library contained the following spells:

 Spells                   Type           Power      Damage    Failure   Level
 Mercury Vapours          Alch/Air       42%        N/A       22%         2
 Cigotuvi's Dreadful Rot  Necr/Alch/Air  32%        N/A       34%         2
 Tukima's Dance           Hex            6%         N/A       83%         3
 Iskenderun's Mystic Bla  Conj/Tloc      14%        2d5       95%         4
 Dimensional Bullseye     Hex/Tloc       3%         N/A       99%         4
 Freezing Cloud           Conj/Ice/Air   7%         6-21      100%        5
 Sculpt Simulacrum        Ice/Alch       8%         N/A       100%        6
 Ozocubu's Refrigeration  Ice            3%         4d8       100%        7
 Polar Vortex             Ice            3%         N/A       100%        9


Dungeon Overview and Level Annotations

Branches:
Dungeon (10/15)            Temple (1/1) D:4            Lair (0/5) D:9
    Orc (2/2) D:9             Elf (0/3) Orc:2         Sewer (visited)

Altars:
Ashenzari
Cheibriados
Dithmenos
Fedhas
Gozag
Hepliaklqana
Kikubaaqudgha
Makhleb
Nemelex Xobeh
Okawaru
Qazlal
Ru
Trog
Uskayaw
Vehumet
Wu Jian
Xom
Yredelemnul
Beogh

Shops:
D:3 :

Annotations:
Orc:2 2 runed translucent doors, adozu's ghost, journeyman HOFi


Innate Abilities, Weirdness & Mutations

You have claws for hands.
Your demonic aura often causes spilled blood to erupt in flames.
When hurt, damage is shared between your health and your magic reserves.
You regenerate magic rapidly.


Message History

You hear a shout!
Activating: Slouch (7% risk of failure)
Press: ? - help, Dir - look around, f - activate You can feel time thicken for a moment.
You kill the orc!
Cheibriados appreciates the change of pace.
You kill the orc wizard!
Cheibriados appreciates the change of pace.
You kill the orc!
Cheibriados appreciates the change of pace.
You kill the orc!
Cheibriados appreciates the change of pace.
You kill the orc warrior!
Cheibriados appreciates the change of pace.
You kill the orc priest!
Cheibriados appreciates the change of pace. x2
You feel a bit more experienced.
You hear a shout!
The orc knight unwields a +0 war axe.
The orc knight wields a +0 arbalest.
The orc knight shoots a bolt.
You block the bolt with your +0 tower shield of reflection... and reflect it back!
The bolt hits the orc knight!
You block the sun demon's attack.
You hear a shout!
Activating: Slouch (7% risk of failure)
Press: ? - help, Dir - look around, f - activate You fail to use your ability.
You hear a shout! x2
The orc high priest invokes the aid of Beogh against you.
Beogh smites you! The sun demon hits you!!
You are engulfed in flames!
* * * LOW HITPOINT WARNING * * *
You block the chaos spawn's attack.
You don't have enough magic at the moment.
Unknown command.
You mangle the orc high priest!!
The orc high priest is severely wounded.
The sun demon hits you!
* * * LOW HITPOINT WARNING * * *
You are engulfed in flames!
You die...
Cheibriados appreciates the motionlessness of death.

.o....#.........# #.........
.#######..o....### ##.#......
#...o....#.### ##.#.......
#.......#....## #.....##...
#....○..##)...###.....##..#
#.<)..)##.$...##...........
#.).).#))#$....#...##..[...
#.)......43$....#...)#.....
#.......§o@)...............
#.......##.................
###........###.#....##....#.[
..........## ####..###...#...
.........### #####.....#..
...........#########.......#..
............#.)##...........).
....#######.))................
... ##..##..............###..


You could see an orc high priest (strong), a sun demon (summoned) and a chaos
spawn (summoned).

Vanquished Creatures
  An orc warlord (D:9)
  An orc knight (Orc:1)
  2 orc sorcerers (Orc:2)
  A kobold blastminer (Orc:1)
  Joseph (D:7)
  A troll (Orc:1)
  A hornet (D:9)
  Grinder (D:3)
  A vampire (D:9)
  Sigmund (D:4)
  2 wyverns (D:9)
  2 steam dragons
  15 yaks (D:9)
  2 basilisks (D:9)
  A warg (Orc:1)
  A water moccasin (D:9)
  17 orc warriors
  2 black bears
  2 ice beasts
  3 ogres
  2 centaurs
  A phantom (D:6)
  3 kobold brigands
  3 bullfrogs
  3 scorpions
  17 wights
  14 killer bees
  A crimson imp (D:5)
  A bombardier beetle (D:5)
  3 jellies
  11 orc priests
  2 hounds (D:6)
  6 iguanas
  2 sleepcaps
  Ijyb (D:3)
  18 orc wizards
  A hell rat (Sewer)
  4 gnolls (D:3)
  10 adders
  2 river rats (Sewer)
  2 shadow imps
  A white imp (D:5)
  2 dart slugs
  60 orcs
  5 bats
  8 endoplasms
  7 giant cockroaches
  4 goblins
  6 hobgoblins
  11 jackals
  3 quokkas
  8 ball pythons
  A frilled lizard (D:3)
  13 kobolds
  14 rats
308 creatures vanquished.

Notes
Turn   | Place    | Note
-------+----------+-------------------------------------------
     0 | D:1      | inmateoo the Demonspawn Monk began the quest for the Orb.
     0 | D:1      | Reached XP level 1. HP: 18/18 MP: 1/1
   164 | D:1      | Gained mutation: You have sharp fingernails. [demonic
                  | ancestry]
   164 | D:1      | Reached XP level 2. HP: 24/24 MP: 2/2
   232 | D:1      | Reached skill level 3 in Unarmed Combat
   659 | D:1      | Gained mutation: You regenerate magic rapidly. [demonic
                  | ancestry]
   659 | D:1      | Reached XP level 3. HP: 29/29 MP: 3/3
  1178 | D:2      | Reached skill level 1 in Armour
  1597 | D:3      | Found a glowing drain.
  1637 | D:3      | Gained mutation: When hurt, damage is shared between your
                  | health and your magic reserves. [demonic ancestry]
  1637 | D:3      | Reached XP level 4. HP: 35/35 MP: 4/4
  1641 | D:3      | Reached skill level 1 in Spellcasting
  1686 | D:3      | Found Musaiwno's Vocational Training.
  1688 | D:3      | Identified the +1 robe "Kuloel" {Fly Str-2 Dex+4}
  1788 | D:3      | Gained mutation: Your demonic aura sometimes causes spilled
                  | blood to erupt in flames. [demonic ancestry]
  1788 | D:3      | Reached XP level 5. HP: 33/41 MP: 4/6
  1799 | Sewer    | Entered a sewer
  1808 | Sewer    | Reached skill level 1 in Stealth
  1973 | D:3      | Found a stormy altar of Qazlal.
  1993 | D:3      | Noticed Ijyb
  1997 | D:3      | Noticed Grinder
  2003 | D:3      | Killed Ijyb
  2013 | D:3      | Paralysed by Grinder for 2 turns
  2022 | D:3      | Killed Grinder
  2023 | D:3      | Reached skill level 4 in Unarmed Combat
  2023 | D:3      | Gained mutation: You have very sharp fingernails. [demonic
                  | ancestry]
  2023 | D:3      | Reached XP level 6. HP: 25/48 MP: 5/9
  2603 | D:4      | Found a staircase to the Ecumenical Temple.
  2615 | Temple   | Entered the Ecumenical Temple
  2643 | D:4      | Reached XP level 7. HP: 53/54 MP: 10/10
  2649 | D:4      | Found a sacrificial altar of Ru.
  2795 | D:4      | Identified the +1 cloak of Feasting {rPois rCorr}
  2871 | D:4      | Noticed Sigmund
  2872 | D:4      | Reached skill level 1 in Evocations
  2880 | D:4      | Killed Sigmund
  2881 | D:4      | Reached skill level 5 in Unarmed Combat
  2973 | D:4      | Found a snail-covered altar of Cheibriados.
  2981 | D:4      | Became a worshipper of Cheibriados the Contemplative
  2981 | D:4      | Reached * piety under Cheibriados
  2981 | D:4      | Reached ** piety under Cheibriados
  2993 | D:4      | Found a radiant altar of Vehumet.
  3170 | D:4      | Found a hide-covered altar of Uskayaw.
  3280 | D:5      | Entered Level 5 of the Dungeon
  3349 | D:5      | Reached skill level 1 in Invocations
  3412 | D:5      | Found an ornate altar of the Wu Jian Council.
  3491 | D:5      | Gained mutation: You have claws for hands. [demonic
                  | ancestry]
  3491 | D:5      | Reached XP level 8. HP: 61/61 MP: 11/11
  3723 | D:5      | Found a shadowy altar of Dithmenos.
  4005 | D:6      | Found an ancient bone altar of Kikubaaqudgha.
  4155 | D:6      | Found an iron altar of Okawaru.
  4190 | D:6      | Reached skill level 5 in Fighting
  4369 | D:6      | Reached *** piety under Cheibriados
  4553 | D:6      | Reached skill level 6 in Unarmed Combat
  4836 | D:7      | Reached XP level 9. HP: 65/68 MP: 13/13
  5072 | D:7      | Reached **** piety under Cheibriados
  5135 | D:7      | Reached skill level 5 in Dodging
  5168 | D:7      | Reached skill level 7 in Unarmed Combat
  5229 | D:7      | Noticed Joseph
  5233 | D:7      | Paralysed by a kobold for 2 turns
  5262 | D:7      | Killed Joseph
  5419 | D:7      | Found a blossoming altar of Fedhas.
  5719 | D:8      | Reached skill level 5 in Invocations
  5983 | D:8      | Identified the +10 whip of inmateoo's Destruction {heavy,
                  | rF+}
  6061 | D:8      | Learned a level 3 spell: Mephitic Cloud
  6066 | D:8      | Learned a level 4 spell: Ignite Poison
  6071 | D:8      | Reached skill level 1 in Shapeshifting
  6077 | D:8      | Reached ***** piety under Cheibriados
  6461 | D:8      | Reached XP level 10. HP: 77/77 MP: 16/16
  6871 | D:9      | Reached skill level 1 in Alchemy
  6875 | D:9      | Reached skill level 8 in Unarmed Combat
  6875 | D:9      | Reached skill level 1 in Conjurations
  6875 | D:9      | Reached skill level 1 in Fire Magic
  6882 | D:9      | Reached skill level 1 in Air Magic
  7578 | D:9      | Found a staircase to the Lair.
  7652 | D:9      | Found a staircase to the Orcish Mines.
  7689 | D:9      | Reached ****** piety under Cheibriados
  7720 | D:9      | Gained mutation: Your demonic aura often causes spilled
                  | blood to erupt in flames. [demonic ancestry]
  7720 | D:9      | Reached XP level 11. HP: 83/84 MP: 18/18
  7746 | D:9      | Found a basalt altar of Yredelemnul.
  8048 | D:9      | Reached skill level 5 in Spellcasting
  8072 | D:9      | Found a shimmering altar of Xom.
  8243 | D:9      | Found a sparkling altar of Nemelex Xobeh.
  8395 | D:10     | Entered Level 10 of the Dungeon
  8455 | Orc:1    | Entered Level 1 of the Orcish Mines
  8456 | Orc:1    | Upgraded the game from 0.32-a0-30-gefbe487952 to
                  | 0.32-a0-38-gb04dd89b9b
  8456 | Orc:1    | Upgraded the game from 0.32-a0-38-gb04dd89b9b to
                  | 0.32-a0-350-g4f4d228785
  8480 | Orc:1    | Noticed an orc knight
  8493 | Orc:1    | Killed an orc knight
  8651 | Orc:2    | Entered Level 2 of the Orcish Mines
  8659 | Orc:2    | Noticed an orc sorcerer
  8663 | Orc:2    | Killed an orc sorcerer
  8664 | Orc:2    | Reached skill level 9 in Unarmed Combat
  8674 | Orc:2    | Found a staircase to the Elven Halls.
  8748 | Orc:2    | Noticed an orc warlord
  8767 | Orc:2    | Noticed an orc sorcerer
  9628 | D:9      | Killed an orc warlord
  9840 | Orc:2    | Killed an orc sorcerer
  9997 | Orc:2    | Found a large runed translucent door.
  9997 | Orc:2    | Found a large runed translucent door.
 10003 | Orc:2    | Noticed adozu's ghost (journeyman HOFi)
 10101 | Orc:1    | Noticed an ettin
 10102 | Orc:1    | Noticed an orc sorcerer
 10145 | Orc:2    | Noticed an orc high priest
 10146 | Orc:2    | Noticed a sun demon
 10155 | Orc:2    | Noticed an orc knight
 10158 | Orc:2    | Slain by a sun demon

Illustrated notes

Levels and vault maps discovered:
D:1:      lightli_molten_gateway, layout_basic, serial_forest,
          infiniplex_forest_lined_1, infiniplex_forest_end_2,
          infiniplex_forest_clump_long, infiniplex_forest_lined_2,
          infiniplex_forest_pool, infiniplex_forest_straight_4,
          infiniplex_forest_clump_large
D:2:      layout_basic, serial_park_tiny_1
D:3:      layout_basic, grunt_qazlal_clouds, gup_sewer_entry_glass,
          nicolae_shop_vocational, uniq_ijyb, uniq_grinder
D:4:      layout_loops_ring, mainiacjoe_overflow_alcove_2,
          nicolae_uskayaw_suspiria, mainiacjoe_overflow_big_doors,
          minmay_temple_entry_ruins, uniq_sigmund
D:5:      layout_loops_cross, nicolae_dithmenos_the_darkroom,
          mainiacjoe_overflow_surrounded_room, mainiacjoe_overflow_boulevard,
          grunt_decor_one_mirror, minmay_fire_ice_demons
D:6:      layout_gridville, kennysheep_okawaru_gauntlet,
          nicolae_overflow_crystal_walls
D:7:      layout_basic, mainiacjoe_overflow_cross_hatched, uniq_joseph
D:8:      layout_basic, elyvilon_altar_3
D:9:      layout_basic, kennysheep_mini, nicolae_overflow_hidden_temple,
          lemuel_crystal_altar, minmay_lair_entry_grove, david_orc_5,
          blue_anna_alchemist
D:10:     layout_rooms, nicolae_sif_muna_little_library
Temple:   hellmonk_temple_micro_hex
Orc:1:    layout_caves, uniq_snorg
Orc:2:    st_orc_congregation, layout_caves, enter_volcano_2,
          ebering_ghost_disaster_area

Skill      XL: |  1  2  3  4  5  6  7  8  9 10 11 |
---------------+----------------------------------+-----
Unarmed Combat | 3 4 5 6 7 8 9 |  9.4
Armour         | 1 2 3 |  3.2
Dodging        | 3 4 5 6 |  6.7
Spellcasting   | 1 2 3 4 5 |  5.5
Stealth        | 1 2 3 4 |  4.0
Fighting       | 4 5 6 7 |  7.6
Evocations     | 1 3 |  3.0
Invocations    | 1 3 5 6 7 |  7.3
Shapeshifting  | 1 2 3 |  3.2
Alchemy        | 2 3 |  3.7
Conjurations   | 2 3 |  3.0
Fire Magic     | 2 |  2.0
Air Magic      | 2 |  2.0
Shields        | |  0.8

Action                     |  1- 3 |  4- 6 |  7- 9 | 10-12 || total
---------------------------+-------+-------+-------+-------++-------
  Melee: Unarmed           |   129 |   104 |   308 |   283 ||   824
  Throw: Dart              |       |     2 |       |     1 ||     3
 Invoke: Slouch            |       |       |       |     2 ||     2
  Evoke: Wand              |       |     4 |     2 |     7 ||    13
    Use: Scroll            |     6 |     3 |    10 |     3 ||    22
         Potion            |     1 |       |       |     3 ||     4
   Stab: Sleeping          |     1 |       |       |       ||     1
 Armour: Robe              |    48 |       |       |       ||    48
         Skin              |     8 |     1 |       |       ||     9
         Ring mail         |     1 |    50 |   155 |   175 ||   381
  Dodge: Dodged            |    79 |    84 |   202 |   245 ||   610
  Block: Tower shield      |       |       |       |    79 ||    79
         Reflection        |       |       |       |     1 ||     1

Table legend: (Time is in decaauts)
 A = Elapsed time spent in this place.
 B = Non-inter-level travel time spent in this place.
 C = Inter-level travel time spent in this place.
 D = Time resting spent in this place.
 E = Time spent auto-exploring this place.
 F = Levels seen in this place.
 G = Mean time per level.
                   A        B        C        D        E       F      G
               +--------+--------+--------+--------+--------+-----+--------+
         Total |  13019 |  12425 |    594 |   2679 |   6573 |  14 |  929.9 |
       Dungeon |  11411 |  10856 |    555 |   2095 |   6120 |  10 | 1141.1 |
        Temple |      1 |      1 |      0 |      0 |      0 |   1 |    1.0 |
  Orcish Mines |   1438 |   1399 |     39 |    532 |    453 |   2 |  719.0 |
         Sewer |    167 |    167 |      0 |     52 |      0 |   1 |  167.0 |
               +--------+--------+--------+--------+--------+-----+--------+

Top non-repeatable levels by time:
     D:9: 3117 daAuts
     D:8: 1609 daAuts
     D:7: 1299 daAuts
     D:6: 1056 daAuts
     D:5: 1042 daAuts
     D:1: 982 daAuts
   Orc:1: 888 daAuts
     D:4: 858 daAuts
     D:3: 785 daAuts
     D:2: 610 daAuts
   Orc:2: 550 daAuts
   Sewer: 167 daAuts
    D:10: 49 daAuts
  Temple: 1 daAuts
